AoeStats
← Ana Catalina

Black Forest

508709527Analyzed
4v4 RM · 8d ago on Sep 23, 2026· 66m 43s· 8 players
Game mode
Random Map
Map size
Large (8 player)
Population
200
Speed
Normal
Resources
Standard
Victory
Conquest
Starting age
Dark Age
Ending age
Imperial Age
RankedLock teamsTeams togetherTeam positionsShared explorationLock speedFull tech treeHidden civsTurbo modeCheats
Victory
Defeat
🇧🇪 Byzantines · Belgium
882
+12
🇦🇷 Magyars · Argentina
800
+16
🇧🇷 Varangians · Brazil
750
+18
🇨🇱 Khmer · Chile
742
+18
🇷🇺 Britons · Russia
830
-18
🇹🇷 Mongols · Türkiye
793
-16
🇺🇸 Sicilians · United States
778
-15
🇩🇪 Saxons · Germany
762
-15
CERRAHPAŞALI HALİT
0:43 Loom
12:35 Feudal Age
19:12 Castle Age
19:33 Fletching
19:45 Padded Archer Armor
21:36 Coinage
23:08 Wheelbarrow
24:13 Gold Mining
24:40 Town Watch
26:23 Horse Collar
27:01 Leather Archer Armor
28:04 Caravan
29:37 Murder Holes
31:39 Hand Cart
31:17 Double-Bit Axe
32:22 Nomads
32:47 Masonry
36:21 Imperial Age
33:55 Bodkin Arrow
36:10 Thumb Ring
36:46 Husbandry
36:57 Bloodlines
42:11 Banking
41:27 Elite Mangudai
42:14 Heavy Plow
42:30 Bow Saw
43:23 Chemistry
42:44 Ballistics
42:30 Bracer
42:58 Parthian Tactics
46:34 Conscription
47:29 Drill
47:28 Siege Engineers
48:34 Fortified Wall
50:41 Heavy Cavalry Archer
Dr_foul
14:37 Feudal Age
15:08 Double-Bit Axe
20:30 Gold Mining
24:54 Wheelbarrow
24:08 Horse Collar
28:15 Castle Age
27:12 Fletching
28:58 Caravan
29:03 Heavy Plow
29:20 Bow Saw
33:47 Murder Holes
33:53 Pikeman
35:28 Scale Mail Armor
35:38 Forging
35:31 Squires
40:40 Chain Mail Armor
41:01 Iron Casting
40:53 Hand Cart
42:06 First Crusade
45:39 Imperial Age
46:02 Halberdier
48:11 Conscription
49:55 Plate Mail Armor
50:26 Blast Furnace
50:46 Arson
51:40 Hoardings
50:56 Arrowslits
52:10 Bodkin Arrow
53:16 Bracer
52:42 Elite Serjeant
53:46 Town Watch
55:15 Chemistry
56:01 Gold Shaft Mining
Ana Catalina
0:32 Loom
13:17 Feudal Age
18:16 Stone Mining
18:28 Town Watch
21:05 Castle Age
18:55 Double-Bit Axe
19:23 Horse Collar
24:06 Fletching
24:27 Forging
25:25 Heavy Plow
27:38 Bow Saw
27:54 Clerical Recruitment
29:41 Padded Archer Armor
31:34 Forging
36:48 Imperial Age
38:07 Iron Casting
37:33 Scale Mail Armor
37:29 Bodkin Arrow
37:49 Leather Archer Armor
38:52 Chemistry
38:12 Ballistics
38:48 Gold Mining
42:35 Elite Hearth Troop
42:37 Shield Wall
42:43 Elite Varangian Guard
45:16 Thumb Ring
45:59 Fortified Wall
45:22 Cranequins
49:07 Heavy Mounted Crossbowman
54:00 Gold Shaft Mining
54:48 Arson
58:01 Bracer
58:31 Ring Archer Armor
58:18 Chain Mail Armor
Captain Klest
0:27 Loom
16:43 Feudal Age
19:45 Wheelbarrow
19:03 Horse Collar
19:16 Gold Mining
19:19 Stone Mining
19:20 Double-Bit Axe
21:56 Castle Age
20:26 Fletching
20:38 Padded Archer Armor
21:40 Forging
21:31 Scale Mail Armor
24:25 Bow Saw
24:42 Heavy Plow
25:22 Gold Shaft Mining
26:49 Bodkin Arrow
29:05 Iron Casting
31:30 Yeomen
31:35 Leather Archer Armor
31:36 Chain Mail Armor
31:47 Hand Cart
34:12 Pikeman
34:38 Gambesons
34:53 Squires
38:35 Imperial Age
38:48 Halberdier
42:42 Bracer
47:46 Blast Furnace
47:17 Plate Mail Armor
46:54 Scale Barding Armor
46:17 Cavalier
46:59 Husbandry
48:09 Caravan
57:51 Cranequins
georgke.be
0:29 Loom
11:51 Feudal Age
12:43 Double-Bit Axe
14:22 Horse Collar
18:14 Castle Age
16:35 Gold Mining
16:37 Stone Mining
19:25 Heavy Plow
23:42 Bow Saw
24:17 Fletching
25:31 Stone Shaft Mining
25:23 Ballistics
26:29 Wheelbarrow
26:05 Scale Mail Armor
26:52 Bodkin Arrow
27:51 Hand Cart
28:30 Padded Archer Armor
28:41 Forging
28:36 Scale Barding Armor
29:31 Gold Shaft Mining
28:59 Pikeman
30:48 Caravan
33:36 Imperial Age
31:55 Husbandry
33:01 Chain Mail Armor
33:32 Thumb Ring
32:48 Crossbowman
34:01 Murder Holes
34:43 Iron Casting
35:11 Crop Rotation
35:45 Two-Man Saw
34:44 Arbalester
35:17 Cavalier
36:20 Chain Barding Armor
38:06 Chemistry
37:07 Bracer
37:46 Plate Barding Armor
41:03 Bracer
41:19 Leather Archer Armor
41:34 Plate Mail Armor
41:39 Paladin
45:24 Ring Archer Armor
53:45 Halberdier
55:54 Bombard Tower
Will Rossi
0:46 Loom
13:26 Feudal Age
18:04 Castle Age
19:38 Double-Bit Axe
20:22 Husbandry
22:33 Bloodlines
22:38 Forging
23:46 Horse Collar
28:14 Iron Casting
31:10 Vendel Legacy
33:25 Fortified Wall
34:30 Scale Barding Armor
37:22 Imperial Age
35:49 Chain Barding Armor
37:33 Cavalier
39:07 Caravan
41:12 Chemistry
49:16 Blast Furnace
48:51 Plate Barding Armor
59:58 Light Cavalry
TuChilenitoMorenito
12:08 Feudal Age
16:03 Castle Age
14:16 Horse Collar
14:36 Double-Bit Axe
16:33 Stone Mining
16:36 Gold Mining
19:34 Bow Saw
20:25 Stone Shaft Mining
20:44 Gold Shaft Mining
20:18 Heavy Plow
20:30 Town Watch
28:00 Fletching
30:12 Tusk Swords
30:39 Scale Barding Armor
33:17 Imperial Age
31:36 Bodkin Arrow
36:00 Chain Barding Armor
36:48 Conscription
36:52 Herbal Medicine
37:27 Elite Battle Elephant
39:57 Heavy Scorpion
42:15 Wheelbarrow
43:24 Double Crossbow
50:20 Elite Ballista Elephant
56:50 Bloodlines
56:41 Husbandry
Usurpador
0:27 Loom
13:04 Feudal Age
13:52 Horse Collar
13:58 Double-Bit Axe
14:51 Wheelbarrow
19:47 Castle Age
23:31 Stone Mining
25:12 Caravan
25:37 Scale Barding Armor
26:17 Hand Cart
26:06 Gold Mining
28:13 Bow Saw
30:10 Corvinian Army
34:44 Chain Barding Armor
34:52 Thumb Ring
36:11 Ballistics
35:54 Padded Archer Armor
35:45 Fletching
36:10 Bloodlines
36:02 Husbandry
36:45 Heavy Plow
39:39 Imperial Age
41:31 Conscription
40:56 Elite Magyar Huszar
42:34 Gold Shaft Mining
42:32 Crop Rotation
43:05 Two-Man Saw
42:15 Recurve Bow
42:43 Parthian Tactics
41:55 Heavy Cavalry Archer
43:53 Chemistry
45:30 Plate Barding Armor
44:51 Bodkin Arrow
45:12 Leather Archer Armor
52:43 Hoardings
55:52 Ring Archer Armor
55:23 Bracer
66:27 Masonry
Connection lost

Rejoining the realm…

Still unreachable

The connection could not be restored.

Session expired

The server has moved on; the page needs a fresh start.